 Dungeon Crawl Stone Soup version 0.31-a0-112-gdf0485fa37 (webtiles) character file.

Game seed: 6455170493655850675

3886 Zonian the Zephyrmancer (level 10, -5/50 HPs)
             Began as a Tengu Air Elementalist on May 29, 2023.
             Was a Follower of Nemelex Xobeh.
             Slain by a yak (12 damage)
             ... on level 8 of the Dungeon.
             The game lasted 00:21:18 (10183 turns).

Zonian the Zephyrmancer (Tengu Air Elementalist)   Turns: 10183, Time: 00:21:21

Health: -5/50      AC:  7    Str: 14    XL:     10   Next: 19%
Magic:  16/20      EV: 19    Int: 19    God:    Nemelex Xobeh [*.....]
Gold:   329        SH:  0    Dex: 16    Spells: 11/21 levels left

rFire   . . .        k - +1 dagger (drain)
rCold   . . .        (no shield)
rNeg    . . .        i - +1 robe {Archmagi}
rPois   .            (helmet restricted)
rElec   .            B - +1 cloak
rCorr   .            h - +1 pair of gloves
SInv    .            (boots unavailable)
Will    +....        n - amulet of magic regeneration
Stlth   ++++         m - +6 ring of strength
HPRegen 0.28/turn    D - ring of willpower
MPRegen 0.57/turn

%: archmagi
@: flying quickly and evasively, studying Maces & Flails, quick
A: beak, talons 3, nimble flight
a: Renounce Religion, Draw Escape, Draw Destruction, Draw Summoning


You were on level 8 of the Dungeon.
You worshipped Nemelex Xobeh.
Nemelex Xobeh was aware of your devotion.
You visited 2 branches of the dungeon, and saw 9 of its levels.

You collected 486 gold pieces.
You spent 157 gold pieces at shops.

Inventory:

Hand Weapons
 d - a +0 hand axe
 f - a +0 short sword
 g - a +0 sling
 k - a +1 dagger of draining (weapon)
 q - a +0 scimitar
 C - the +2 hand axe of Uskayaw's Grace {elec, rF++ rN+ Str-4 Stlth+}
   (You found it on level 7 of the Dungeon)

   Str:       It affects your strength (-4).
   rF:        It greatly protects you from fire.
   rN:        It protects you from negative energy.
   Stlth:     It makes you more stealthy.
Missiles
 c - 11 poisoned darts
Armour
 a - a +0 robe
 h - a +1 pair of gloves (worn)
 i - a +1 robe of the Archmagi (worn)
 B - a +1 cloak (worn)
Jewellery
 m - a +6 ring of strength (left hand)
 n - an amulet of magic regeneration (around neck)
 D - a ring of willpower (right hand)
Wands
 E - a wand of iceblast (8)
Scrolls
 l - a scroll of noise
 s - a scroll of fear
 t - 2 scrolls of immolation
 u - a scroll of amnesia
 v - a scroll of teleportation
 w - a scroll of vulnerability
 y - a scroll of blinking
Potions
 b - 2 potions of magic
 e - a potion of brilliance
 j - 2 potions of attraction
 o - a potion of haste
 p - 2 potions of ambrosia
 r - a potion of invisibility
 z - 2 potions of curing
 A - a potion of might {unknown}
 F - a potion of cancellation {unknown}


   Skills:
 + Level 7.4 Dodging
 + Level 7.2 Stealth
 + Level 6.2 Spellcasting
 + Level 8.5 Conjurations
 + Level 9.3 Air Magic


You had 11 spell levels left.
You knew the following spells:

 Your Spells              Type           Power      Damage    Failure   Level
a - Shock                 Conj/Air       100%       1d9       1%          1
b - Static Discharge      Conj/Air       100%       2-7/arc   1%          2
c - Swiftness             Air            58%        N/A       1%          3
d - Airstrike             Air            29%        2d(5-21)  2%          4

Your spell library contained the following spells:

 Spells                   Type           Power      Damage    Failure   Level
 Dazzling Flash           Conj/Hex       66%        N/A       6%          3
 Apportation              Tloc           16%        N/A       11%         1
 Necrotise                Necr           32%        1d5       11%         1
 Summon Small Mammal      Summ           32%        N/A       11%         1
 Iskenderun's Mystic Bla  Conj/Tloc      33%        2d8       19%         4
 Volatile Blastmotes      Fire/Tloc      16%        2d11      32%         3
 Starburst                Conj/Fire      16%        6d6       96%         6


Dungeon Overview and Level Annotations

Branches:
Dungeon (8/15)             Temple (1/1) D:6
   Lair: D:8-11

Altars:
Dithmenos
Elyvilon
Fedhas
Gozag
Hepliaklqana
Makhleb
Nemelex Xobeh
Okawaru
Vehumet
Wu Jian
Xom
The Shining One

Shops:
D:2 [   D:3 ?

Annotations:
D:5 3 runed translucent doors, Drazool's ghost, novice AtFi; Esekla's ghost, weakling OpDe; NateTC's ghost, novice DjCj


Innate Abilities, Weirdness & Mutations

You have a beak for a mouth.
You have claws for feet.
Your magical nature lets you fly swiftly and evasively.


Message History

The yak is heavily wounded.
The yak is struck by an arc of lightning.
You kill the yak!
The lightning grounds out.
You hit the yak but do no damage.
The yak is moderately wounded.
The yak closely misses you.
You barely miss the yak. You claw the yak. Your punch misses the yak.
The yak is heavily wounded.
The yak gores you!
* * * LOW HITPOINT WARNING * * *
You feel much better. The yak gores you.
* * * LOW HITPOINT WARNING * * *
Casting: Static Discharge (safe; 1% risk of failure)
Confirm with . or Enter, or press ? or * to list all spells.
You feel a surge of power!
The yak is struck by an arc of lightning.
The yak is heavily wounded.
You are struck by an arc of lightning.
* * * LOW HITPOINT WARNING * * *
The yak is struck by an arc of lightning.
The yak is severely wounded.
You are struck by an arc of lightning.
* * * LOW HITPOINT WARNING * * *
The lightning grounds out.
The yak misses you.
Aiming: Iceblast
Press: ? - help, Shift-Dir - straight line, f - yak
Aim: a yak (severely wounded)
The mass of ice explodes!
The iceblast engulfs the yak.
The yak is severely wounded.
Casting: Static Discharge (safe; 1% risk of failure)
Confirm with . or Enter, or press ? or * to list all spells.
Aiming: Shock (safe; 1% risk of failure)
Press: ? - help, Shift-Dir - straight line, f/p - yak
Aim: a yak (severely wounded, 84% to hit)
You feel a surge of power!
The zap hits the yak.
The yak is severely wounded.
The yak gores you!
You die...
Your body disappears without a glow.

#..............#
#.#.....(.....##
#.##.#.#.######
#.#.#)## ##
#.#.#).# #. #.##.#
#.. #.# .###..###
#.# ...#...@# #.#
#...##Y# #.# ..#
..##.##.# #.#
#..##.#.....##.#.#
#..#...##.....#.#
#..#..###.##.#.#
#.#...##.# #.#
#..#..##)# #.#
##..)..#†# #.#


You could see a yak.

Vanquished Creatures
  Maggie (D:7)
  A komodo dragon (D:6)
  2 yaks (D:8)
  Grum (D:8)
  An acid dragon (D:6)
  2 water moccasins
  2 ice beasts
  2 ogres
  2 black bears
  3 wolves (D:8)
  4 centaurs
  5 phantoms
  4 bullfrogs
  4 scorpions
  A howler monkey (D:4)
  2 orc priests
  A jelly (D:4)
  4 hounds
  2 sleepcaps
  2 iguanas (D:5)
  Natasha (D:4)
  2 gnolls
  8 adders
  A white imp (D:5)
  An ufetubus (D:4)
  2 adder skeletons (D:3)
  3 worms
  3 dart slugs
  6 orcs
  6 bats
  7 endoplasms
  4 giant cockroaches
  3 hobgoblins
  6 quokkas
  4 ball pythons
  A frilled lizard (D:1)
  10 goblins
  9 kobolds
  A quokka skeleton (D:3)
  8 rats
132 creatures vanquished.

Vanquished Creatures (collateral kills)
  An orc wizard (D:8)
  An orc (D:8)
2 creatures vanquished.

Grand Total: 134 creatures vanquished

Notes
Turn   | Place    | Note
-------+----------+-------------------------------------------
     0 | D:1      | Zonian the Tengu Air Elementalist began the quest for the
                  | Orb.
     0 | D:1      | Reached XP level 1. HP: 10/10 MP: 4/4
   292 | D:1      | Reached XP level 2. HP: 15/15 MP: 4/6
   735 | D:1      | Reached XP level 3. HP: 2/19 MP: 1/7
  1497 | D:2      | Found Lettoqor's Antique Armour Emporium.
  1524 | D:2      | Reached XP level 4. HP: 24/24 MP: 3/8
  2481 | D:3      | Identified the +2 robe of the Crypt {Archmagi}
  2611 | D:3      | Found Ekkinyer's Magic Scroll Shop.
  3025 | D:3      | Learned a level 2 spell: Static Discharge
  3029 | D:3      | Learned a level 3 spell: Swiftness
  3160 | D:4      | Noticed a black bear
  3226 | D:4      | Gained mutation: Your magical nature lets you fly swiftly
                  | and evasively. [Tengu growth]
  3226 | D:4      | Reached XP level 5. HP: 28/28 MP: 4/10
  3453 | D:4      | Noticed a phantom
  3551 | D:4      | Reached skill level 5 in Air Magic
  3891 | D:4      | Noticed an ogre
  3919 | D:4      | Killed an ogre
  3920 | D:4      | Reached XP level 6. HP: 32/32 MP: 9/11
  3935 | D:4      | Noticed Natasha
  3939 | D:4      | Killed Natasha
  4021 | D:4      | Noticed an ice beast
  4045 | D:4      | Killed an ice beast
  4231 | D:4      | Killed a black bear
  4232 | D:4      | Reached XP level 7. HP: 22/36 MP: 7/13
  4448 | D:4      | Reached skill level 6 in Air Magic
  4544 | D:4      | Reached skill level 5 in Conjurations
  4876 | D:5      | Entered Level 5 of the Dungeon
  4890 | D:5      | Reached XP level 8. HP: 3/41 MP: 5/15
  5278 | D:5      | Reached skill level 5 in Dodging
  5630 | D:5      | Reached skill level 5 in Stealth
  5652 | D:5      | Reached skill level 7 in Air Magic
  6294 | D:5      | Found a runed translucent gate.
  6294 | D:5      | Found a runed translucent gate.
  6294 | D:5      | Found a runed translucent gate.
  6297 | D:5      | Noticed Drazool's ghost (novice AtFi)
  6297 | D:5      | Noticed NateTC's ghost (novice DjCj)
  6297 | D:5      | Noticed Esekla's ghost (weakling OpDe)
  6720 | D:2      | Bought an embroidered cloak for 157 gold pieces
  7077 | D:5      | Found a white marble altar of Elyvilon.
  7472 | D:6      | Noticed a komodo dragon
  7549 | D:6      | Reached XP level 9. HP: 10/45 MP: 14/17
  8101 | D:6      | Learned a level 4 spell: Airstrike
  8281 | D:5      | Reached skill level 5 in Spellcasting
  8419 | D:6      | Killed a komodo dragon
  8420 | D:6      | Reached skill level 8 in Air Magic
  8566 | D:6      | Found an opulent altar of Gozag.
  8618 | D:6      | Found a hazy altar of Hepliaklqana.
  8851 | D:6      | Found a staircase to the Ecumenical Temple.
  8860 | Temple   | Entered the Ecumenical Temple
  8969 | Temple   | Became a worshipper of Nemelex Xobeh the Trickster
  9078 | D:7      | Noticed Maggie
  9110 | D:7      | Killed Maggie
  9480 | D:7      | Identified the +2 hand axe of Uskayaw's Grace {elec, rF++
                  | rN+ Str-4 Stlth+}
  9868 | D:8      | Reached * piety under Nemelex Xobeh
 10132 | D:8      | Noticed Grum
 10138 | D:8      | Reached skill level 9 in Air Magic
 10138 | D:8      | Reached XP level 10. HP: 50/50 MP: 19/19
 10166 | D:8      | Killed Grum
 10173 | D:8      | HP: 1/50 [yak (14)]
 10183 | D:8      | Slain by a yak

Illustrated notes

Levels and vault maps discovered:
D:1:      amcnicky_arrival_underground_garden, layout_loops_ring
D:2:      layout_loops_ring, serial_shops, shop
D:3:      layout_rooms, serial_shops, nicolae_shop_rolled_up, serial_undead,
          serial_undead_d, serial_undead_b, serial_undead_e, serial_undead_e
D:4:      cheibrodos_barr_body, layout_basic, uniq_natasha
D:5:      layout_basic, elyvilon_altar_4, gammafunk_ghost_cemetery
D:6:      layout_cave_pools, mainiacjoe_overflow_two_lobes,
          minmay_temple_entry_enclosed_plants, minmay_manual_monstrance
D:7:      layout_rooms, enter_ossuary_5, uniq_maggie
D:8:      layout_rooms, marbit_many_paths, chequers_temple_overflow_minitemple,
          minmay_diamond_spiral, uniq_grum
Temple:   nicolae_temple_ecumenical_triangle

Skill      XL: |  1  2  3  4  5  6  7  8  9 10 |
---------------+-------------------------------+-----
Conjurations   | 2 3 4 5 6 8 |  8.5
Dodging        | 3 4 5 7 |  7.4
Stealth        | 3 4 5 6 7 |  7.2
Air Magic      | 5 6 7 9 |  9.3
Spellcasting   | 3 4 5 6 |  6.2

Action                     |  1- 3 |  4- 6 |  7- 9 | 10-12 || total
---------------------------+-------+-------+-------+-------++-------
  Melee: Hand axe          |    29 |       |       |       ||    29
         Kick              |     8 |     6 |    33 |     3 ||    50
         Peck              |     6 |     1 |    16 |     2 ||    25
         Dagger            |       |    12 |    84 |    13 ||   109
         Punch             |       |       |     4 |     1 ||     5
   Cast: Shock             |    42 |    90 |   141 |     3 ||   276
         Static Discharge  |       |     1 |    17 |     9 ||    27
         Swiftness         |       |       |     1 |       ||     1
         Airstrike         |       |       |     2 |       ||     2
  Evoke: Wand              |       |       |       |     1 ||     1
    Use: Scroll            |       |     2 |    16 |       ||    18
         Potion            |       |       |     3 |     1 ||     4
   Stab: Sleeping          |     3 |     1 |     3 |       ||     7
         Distracted        |       |       |     1 |       ||     1
 Armour: Robe              |    12 |     8 |    23 |     4 ||    47
  Dodge: Dodged            |    26 |    12 |   136 |    21 ||   195

Table legend: (Time is in decaauts)
 A = Elapsed time spent in this place.
 B = Non-inter-level travel time spent in this place.
 C = Inter-level travel time spent in this place.
 D = Time resting spent in this place.
 E = Time spent auto-exploring this place.
 F = Levels seen in this place.
 G = Mean time per level.
                   A        B        C        D        E       F      G
               +--------+--------+--------+--------+--------+-----+--------+
         Total |   9907 |   9282 |    625 |   4165 |   3403 |   9 | 1100.8 |
       Dungeon |   9804 |   9184 |    620 |   4165 |   3403 |   8 | 1225.5 |
        Temple |    103 |     99 |      4 |      0 |      0 |   1 |  103.0 |
               +--------+--------+--------+--------+--------+-----+--------+

Top non-repeatable levels by time:
     D:4: 2671 daAuts
     D:5: 1620 daAuts
     D:2: 1354 daAuts
     D:1: 1218 daAuts
     D:6: 1024 daAuts
     D:3: 858 daAuts
     D:7: 752 daAuts
     D:8: 303 daAuts
  Temple: 103 daAuts
